Map: Cyber Forest LE

Players

Mitsunami - Winner!

  • Race: Terran Terran
  • League: Silver
  • Spawn Location: 5:00

TiPtOP

  • Race: Terran Terran
  • League: Silver
  • Spawn Location: 11:00

VOD

Have the link to the VOD?

Description

Time

  • Played on: Aug. 18, 2019, 1:12 a.m.
  • Length: 16:53
Show
View Real Time Build Order
Export as new Build Order

Mitsunami Terran - Winner!

Build Orders: 2 Factory, Mech 

Get SALT Encoding   

  12  0:00  SCV  
  13  0:13  SCV  
  14  0:17  Supply Depot  
  14  0:25  SCV  
  15  0:40  SCV  
  15  0:41  Barracks  
  16  0:45  Refinery  
  16  0:53  SCV  
  17  1:06  SCV  
  18  1:22  SCV  
  19  1:28  Marine, Supply Depot  
  20  1:34  SCV  
  21  1:47  SCV  
  22  1:52  Factory  
  22  2:01  Orbital Command  
  22  2:07  Barracks Tech Lab  
  22  2:24  Refinery, Command Center  
  22  2:35  SCV  
  23  2:39  Bunker  
  23  2:42  Factory  
  23  2:54  SCV  
  24  3:07  SCV  
  24  3:10  Siege Tank  
  28  3:16  Supply Depot  
  28  3:25  SCV  
  29  3:29  Factory Reactor  
  29  3:37  Orbital Command  
  29  3:40  Supply Depot  
  29  3:46  Siege Tank  
  32  3:53  SCV  
  33  4:01  Factory  
  33  4:05  Engineering Bay, SCV  
  33  4:06  SCV  
  35  4:13  Hellion  
  35  4:15  Hellion  
  39  4:18  SCV x2  
  41  4:25  Supply Depot  
  41  4:30  SCV x2  
  43  4:40  Armory  
  43  4:47  Factory Reactor  
  43  4:49  Hellion  
  43  4:50  Hellion  
  47  4:54  SCV  
  47  4:55  SCV  
  49  5:02  Missile Turret  
  49  5:06  SCV  
  46  5:20  Hellion x2  
  52  5:23  Hellion  
  52  5:24  Hellion  
  52  5:26  Thor  
  60  5:28  Terran Vehicle Weapons Level 1  
  60  5:30  SCV x2  
  62  5:37  Refinery  
  62  5:42  SCV  
  62  5:46  Hellion  
  62  5:47  Hellion  
  67  5:51  Hellion  
  69  5:58  Supply Depot  
  69  6:18  Thor  
  69  6:19  Hellion  
  69  6:20  Supply Depot x2  
  69  6:23  SCV x2  
  69  6:25  Refinery  
  79  6:33  Hellion x2  
  79  6:34  Hellion  
  85  6:42  Supply Depot  
  85  6:43  Armory  
  85  6:48  SCV  
  85  6:49  SCV  
  87  6:58  Hellion x3  
  87  6:59  Hellion  
  95  7:06  Thor, Supply Depot  
  101  7:16  Supply Depot  
  101  7:22  Hellion x2  
  105  7:25  Terran Vehicle Weapons Level 2  
  105  7:31  Terran Vehicle And Ship Armor Level 1  
  101  7:56  Hellion x3  
  101  7:57  Hellion, Thor  
  115  8:17  SCV x2, Command Center  
  117  8:22  Supply Depot  
  117  8:23  Hellion  
  117  8:24  Hellion, Supply Depot  
  113  9:00  SCV x2  
  115  9:09  Command Center  
  115  9:16  SCV x2  
  117  9:19  Hellion x3  
  117  9:20  Hellion x2, Thor  
  131  9:25  Terran Vehicle And Ship Armor Level 2  
  131  9:29  Orbital Command  
  114  10:00  SCV x3  
  114  10:17  Orbital Command  
  114  10:21  Orbital Command  
  114  10:27  Factory, Terran Vehicle Weapons Level 3  
  87  11:14  Thor  
  87  11:17  Hellion x2  
  87  11:18  Hellion x2  
  101  11:20  Factory Tech Lab  
  87  11:38  Hellion  
  87  11:39  Hellion, SCV  
  94  11:40  SCV x2  
  94  11:45  Orbital Command  
  94  11:51  SCV  
  94  11:52  SCV x2  
  97  11:57  Thor  
  103  12:01  Factory  
  103  12:03  SCV  
  103  12:04  Factory, SCV x2  
  106  12:15  SCV  
  106  12:21  Refinery  
  107  12:25  Refinery, Supply Depot  
  107  12:34  Hellion x3  
  107  12:35  Hellion x2  
  107  12:36  Refinery  
  117  12:37  Terran Vehicle And Ship Armor Level 3  
  117  12:40  Thor  
  123  12:55  Hellion, Supply Depot  
  123  12:56  Hellion x2  
  123  12:57  Factory Tech Lab  
  129  12:58  Factory Tech Lab  
  129  13:01  Thor  
  135  13:05  Supply Depot  
  135  13:07  Supply Depot  
  135  13:13  Command Center  
  135  13:14  Command Center  
  135  13:18  Thor x2  
  147  13:20  Hellion  
  147  13:21  Hellion x3  
  147  13:23  Thor  
  161  13:50  Sensor Tower  
  161  13:51  Hellion  
  161  13:52  Hellion x2  
  161  13:53  Hellion, Thor  
  175  14:00  Thor  
  175  14:01  Thor  
  187  14:18  SCV x4  
  191  14:29  Orbital Command x2  
  191  14:30  SCV  
  192  14:33  Hellion x2  
  192  14:34  Hellion x2  
  200  14:59  Orbital Command  
  146  15:47  Hellion x2  
  146  15:48  Hellion x2, Orbital Command  
  146  15:49  Thor x4  
Show
View Real Time Build Order
Export as new Build Order

TiPtOP Terran 

Build Orders: 2 Factory, Mech 

Get SALT Encoding   

  12  0:01  SCV  
  13  0:13  SCV  
  14  0:19  Supply Depot  
  14  0:25  SCV  
  15  0:40  SCV  
  16  0:42  Barracks  
  16  0:53  SCV  
  16  0:56  Refinery  
  17  1:05  SCV  
  18  1:17  SCV  
  19  1:35  Marine, Orbital Command  
  20  1:53  Command Center  
  20  1:54  Supply Depot  
  20  2:01  SCV  
  21  2:13  Factory  
  21  2:15  SCV  
  21  2:27  Refinery, SCV  
  22  2:39  Barracks Tech Lab  
  22  2:46  SCV  
  23  2:58  SCV  
  24  3:15  Factory, Siege Tank  
  27  3:29  Orbital Command  
  27  3:34  Supply Depot  
  27  3:47  SCV  
  28  3:56  Siege Tank  
  28  3:58  Supply Depot  
  28  3:59  SCV x2  
  33  4:10  Factory Reactor  
  33  4:11  SCV  
  34  4:18  Armory  
  34  4:19  Engineering Bay  
  34  4:21  SCV, Supply Depot  
  35  4:29  Siege Tank  
  38  4:34  SCV  
  39  4:47  Supply Depot  
  39  4:50  SCV  
  39  4:51  SCV  
  41  5:01  Factory  
  41  5:02  SCV  
  41  5:03  SCV  
  43  5:17  SCV x2  
  43  5:18  Refinery  
  45  5:24  Hellion x2  
  49  5:29  SCV  
  49  5:32  Supply Depot  
  50  5:38  Siege Tank  
  50  5:42  Refinery  
  53  5:44  SCV x2  
  55  5:51  Command Center  
  55  5:52  Supply Depot  
  55  6:05  SCV x2, Factory Tech Lab  
  57  6:23  Supply Depot  
  57  6:26  SCV, Terran Vehicle Weapons Level 1  
  57  6:27  SCV  
  61  6:33  Hellion x2, Thor  
  61  6:37  Thor  
  61  6:39  SCV x2  
  77  6:45  Supply Depot  
  77  6:51  SCV x2  
  79  7:02  Factory  
  79  7:03  SCV  
  79  7:07  Missile Turret  
  79  7:08  Supply Depot  
  80  7:13  Armory  
  80  7:25  Command Center  
  80  8:05  Orbital Command  
  80  8:06  SCV x2  
  82  8:18  SCV  
  82  8:19  SCV  
  84  8:20  Refinery  
  84  8:21  Hellion x3, Thor  
  96  8:28  Refinery  
  96  8:31  SCV  
  97  8:37  Factory Tech Lab  
  96  8:42  Thor  
  100  8:54  SCV x2  
  102  9:02  Thor  
  102  9:04  Hellion x2, Thor  
  102  9:06  SCV  
  119  9:24  Orbital Command  
  119  9:25  Hellion  
  119  9:30  SCV  
  119  9:31  SCV  
  123  9:42  Supply Depot  
  123  9:43  SCV x2, Supply Depot  
  123  9:44  Supply Depot  
  125  9:50  Supply Depot  
  125  9:51  Supply Depot  
  123  9:54  Thor  
  123  9:55  Thor x2, SCV x2  
  123  9:56  Hellbat x2  
  125  10:06  Orbital Command, Supply Depot  
  117  10:11  Missile Turret  
  117  10:29  Supply Depot  
  105  10:43  Thor x2  
  117  10:52  Supply Depot  
  76  11:22  Thor  
  76  11:24  Hellbat x2  
  76  11:25  Thor  
  76  11:26  Hellbat  
  74  11:38  Orbital Command  
  74  11:46  Hellbat x2  
  76  11:53  Command Center  
  70  11:59  Thor  
  76  12:02  Refinery x2  
  76  12:06  Hellion  
  76  12:07  Hellion x2  
  82  12:18  Supply Depot  
  82  12:21  Supply Depot x2  
  82  12:36  Hellion x3, Thor  
  94  13:13  Thor x2  
  94  13:14  Hellion x2  
  94  13:19  Hellion  
  112  13:21  Refinery, SCV x3, Orbital Command  
  115  13:33  SCV x3  
  118  13:45  Thor  
  118  13:46  Hellion x2  
  128  13:56  Command Center  
  128  14:00  SCV  
  129  14:12  SCV  
  130  14:23  Thor x2  
  142  14:24  SCV  
  142  14:25  Hellbat x2  
  142  14:27  SCV x2  
  142  14:28  SCV, Hellbat  
  152  14:37  Refinery, SCV  
  153  14:39  SCV  
  153  14:40  SCV  
  153  14:41  Refinery  
  155  14:46  Hellbat x2  
  155  14:49  SCV  
  146  15:17  Command Center  
  68  15:29  Barracks  
  68  15:36  Thor x2  
  68  15:38  Hellion x3  
  62  16:01  Barracks  
  60  16:04  SCV x4  
  58  16:16  SCV x2  
Tags
 
Add a new tag
Caveats
  • Supply blocks, unpowered buildings, or Contaminate may cause inaccurate times.
  • Supply counts are checked every 10 seconds.